 Dungeon Crawl Stone Soup version 0.31-a0-986-g5e6e4ef867 (webtiles) character file.

Game seed: 3316975879461320480

151 tromp the Shooter (level 5, -7/45 HPs)
             Began as a Hill Orc Hunter on Nov 18, 2023.
             Mangled by an ogre
             ... wielding a +4 dire flail
              (26 damage)
             ... on level 3 of the Dungeon.
             The game lasted 00:25:34 (3850 turns).

tromp the Shooter (Hill Orc Hunter)                 Turns: 3850, Time: 00:25:35

Health: -7/45      AC:  4    Str: 14    XL:     5   Next: 33%
Magic:  5/5        EV: 12    Int:  9    God:
Gold:   208        SH:  0    Dex: 16    Spells: 4/4 levels left

rFire   . . .        a - +0 shortbow
rCold   . . .        (shield currently unavailable)
rNeg    . . .        c - +1 leather armour
rPois   .            (no helmet)
rElec   .            (no cloak)
rCorr   .            (no gloves)
SInv    .            (no boots)
Will    .....        (no amulet)
Stlth   +            (no ring)
HPRegen 0.27/turn    (no ring)
MPRegen 0.09/turn

%: no passive effects
@: no status effects
A: no striking features
a: no special abilities


You were on level 3 of the Dungeon.
You visited 1 branch of the dungeon, and saw 3 of its levels.

You collected 208 gold pieces.

Inventory:

Hand Weapons
 a - a +0 shortbow (weapon)
 d - a +0 dagger
Missiles
 i - 7 poisoned darts
Armour
 c - a +1 leather armour (worn)
 j - a +0 leather armour
Magical Staves
 p - a staff of poison
Scrolls
 b - a scroll of butterflies
 g - a scroll of teleportation {unknown}
 k - 3 scrolls of vulnerability
 l - a scroll of immolation {unknown}
 m - 2 scrolls of identify
 n - a scroll of enchant armour
Potions
 e - 2 potions of haste
 f - a potion of mutation {unknown}
 h - a potion of heal wounds {unknown}
 o - a potion of magic {unknown}


   Skills:
 + Level 3.0 Fighting
 + Level 5.4 Ranged Weapons
 + Level 1.4 Armour
 + Level 1.7 Dodging
 + Level 0.8 Stealth


You had 4 spell levels left.
You didn't know any spells.
Your spell library was empty.

Dungeon Overview and Level Annotations

Branches:
Dungeon (3/15)

Altars:
Okawaru
Yredelemnul

Annotations:
D:3 1 transporter, pokeman's ghost, amateur DEHW


Message History

You kill the kobold!
i - 7 poisoned darts (gained 3)
Things that are here:
a +2 dagger of venom; a kobold corpse You see here a +0 club.
Partly explored, unvisited transporter.
There is a stone staircase leading down here.
Pokeman's ghost turns its malevolent gaze towards you.
There is a transporter here.
Unknown command.
You enter the transporter and appear at another place.
Pokeman's ghost says, "They lied to you.
The Dungeon just goes down and down forever."
Fire: a) +0 shortbow
Press: ? - help, Q - select action, (/) - cycle Shift-Dir - straight line, f - pokeman's ghost
Aim: pokeman's ghost, wielding a weapon of flaming (56% to hit)
You shoot an arrow.
The arrow barely misses pokeman's ghost.
Fire: a) +0 shortbow
Press: ? - help, Q - select action, (/) - cycle Shift-Dir - straight line, f/p - pokeman's ghost
Aim: pokeman's ghost, wielding a weapon of flaming (56% to hit)
You shoot an arrow.
The arrow hits pokeman's ghost but does no damage.
Fire: a) +0 shortbow
Press: ? - help, Q - select action, (/) - cycle Shift-Dir - straight line, f/p - pokeman's ghost
Aim: pokeman's ghost, wielding a weapon of flaming (56% to hit)
You shoot an arrow.
The arrow closely misses pokeman's ghost.
You shoot an arrow. The arrow hits pokeman's ghost!
Pokeman's ghost is moderately damaged.
Pokeman's ghost casts a spell.
Pokeman's ghost blinks!
The ogre hits you with a +4 dire flail!!
Ouch! That really hurt!
You shoot an arrow. The arrow hits the ogre!
The ogre is moderately wounded.
You shoot an arrow. The arrow hits the ogre.
The ogre is heavily wounded.
The ogre hits you with a +4 dire flail!!
Ouch! That really hurt!
You die...

#÷#..# #.............##.# #...
#÷##.# #.....©.©.....##.# #<..
#.##.# ################.# #..#
#.##.# ##©...?$.....###.# #..#
#.##.# #.#$.#.#(.#.# #.# #..#
#.##.# #..##.W.##..# #.# #..#
#.##.######..##...##..###.#
#..#
#.........#.#..#O#..#.#...#
#...
####.####.#.....@.....#####
#..# #.#
######################..# #.#
#.##.................. #.#
#.#########.####......
#.#######...>.......#######..)
#.............................
############################..
#.. #..


You could see an ogre and pokeman's ghost.

Vanquished Creatures
  Jessica (D:2)
  Robin (D:2)
  2 adders
  2 worms
  2 dart slugs
  5 ball pythons
  5 endoplasms
  4 giant cockroaches
  12 hobgoblins
  13 jackals
  5 kobolds
  3 bats
  4 frilled lizards (D:2)
  13 goblins
  7 rats
79 creatures vanquished.

Notes
Turn   | Place    | Note
-------+----------+-------------------------------------------
     0 | D:1      | tromp the Hill Orc Hunter began the quest for the Orb.
     0 | D:1      | Reached XP level 1. HP: 18/18 MP: 1/1
     2 | D:1      | Noticed a merfolk
     2 | D:1      | Noticed a ghoul
     4 | D:1      | Noticed a vampire
     6 | D:1      | Noticed a gargoyle
     6 | D:1      | Noticed a spriggan
     8 | D:1      | Noticed a troll
     8 | D:1      | Noticed a naga
    10 | D:1      | Noticed a felid
    10 | D:1      | Noticed an armataur
    12 | D:1      | Noticed an octopode
    12 | D:1      | Noticed a minotaur
    14 | D:1      | Noticed a tengu
    14 | D:1      | Noticed a vine stalker
    16 | D:1      | Noticed a draconian
    18 | D:1      | Noticed a human
    20 | D:1      | Noticed a demigod
    20 | D:1      | Noticed an elf
    22 | D:1      | Noticed a demonspawn
    22 | D:1      | Noticed a formicid
    24 | D:1      | Noticed an elf
    24 | D:1      | Noticed a meteoran
    26 | D:1      | Noticed an elf
    26 | D:1      | Noticed a human
   146 | D:1      | Reached skill level 4 in Ranged Weapons
   146 | D:1      | Reached XP level 2. HP: 25/25 MP: 2/2
   358 | D:1      | Found a faded altar of an unknown god.
   613 | D:1      | Reached XP level 3. HP: 30/30 MP: 3/3
  1211 | D:2      | Reached skill level 1 in Armour
  1230 | D:2      | Noticed Robin
  1237 | D:2      | Reached XP level 4. HP: 37/37 MP: 4/4
  1259 | D:2      | Killed Robin
  1362 | D:2      | Reached skill level 5 in Ranged Weapons
  1396 | D:2      | Noticed Jessica
  1405 | D:2      | Killed Jessica
  1406 | D:2      | Reached XP level 5. HP: 31/44 MP: 5/5
  1928 | D:3      | Found a basalt altar of Yredelemnul.
  2226 | D:3      | Found a transporter.
  2231 | D:3      | Noticed pokeman's ghost (amateur DEHW)
  2233 | D:3      | Noticed an ogre
  2236 | D:3      | Found a transporter.
  3048 | D:3      | Found an iron altar of Okawaru.
  3850 | D:3      | Mangled by an ogre

Illustrated notes

Levels and vault maps discovered:
D:1:      kb_arrival_jail, layout_basic, chequers_ecumenical_altar_lobes
D:2:      layout_loops_cross, uniq_robin, uniq_jessica
D:3:      layout_loops_ring, mainiacjoe_overflow_24_doors,
          mainiacjoe_overflow_surrounded_room, gammafunk_ghost_smash

Skill      XL: |  1  2  3  4  5 |
---------------+----------------+-----
Ranged Weapons | 4 5 |  5.4
Armour         | 1 |  1.4
Fighting       | 3 |  3.0
Dodging        | |  1.7
Stealth        | |  0.8

Action                     |  1- 3 |  4- 6 || total
---------------------------+-------+-------++-------
   Fire: Shortbow          |    94 |    97 ||   191
    Use: Scroll            |     5 |       ||     5
 Armour: Leather armour    |    42 |    20 ||    62
  Dodge: Dodged            |    34 |    15 ||    49

Table legend: (Time is in decaauts)
 A = Elapsed time spent in this place.
 B = Non-inter-level travel time spent in this place.
 C = Inter-level travel time spent in this place.
 D = Time resting spent in this place.
 E = Time spent auto-exploring this place.
 F = Levels seen in this place.
 G = Mean time per level.
                   A        B        C        D        E       F      G
               +--------+--------+--------+--------+--------+-----+--------+
         Total |   3886 |   3886 |      0 |   1451 |   1489 |   3 | 1295.3 |
       Dungeon |   3886 |   3886 |      0 |   1451 |   1489 |   3 | 1295.3 |
               +--------+--------+--------+--------+--------+-----+--------+

Top non-repeatable levels by time:
     D:3: 2073 daAuts
     D:2: 918 daAuts
     D:1: 895 daAuts
